Map: Frost LE

Players

HEROES

  • Race: Protoss Protoss
  • League: Bronze

MSK - Winner!

  • Race: Terran Terran
  • League: Bronze

VOD

Have the link to the VOD?

Description

Time

  • Played on: June 18, 2016, 2:18 p.m.
  • Length: 12:43
Show
View Real Time Build Order
Export as new Build Order

HEROES Protoss 

Build Orders: Nexus First 

Get SALT Encoding   

  12  0:01  Probe (Chrono Boost)  
  13  0:11  Probe (Chrono Boost)  
  14  0:22  Probe (Chrono Boost)  
  14  0:25  Pylon  
  15  1:00  Nexus  
  15  1:08  Pylon  
  15  1:13  Probe (Chrono Boost)  
  15  1:16  Gateway  
  16  1:22  Assimilator  
  16  1:24  Probe (Chrono Boost)  
  17  1:33  Assimilator  
  17  1:36  Probe (Chrono Boost)  
  18  1:51  Probe (Chrono Boost)  
  19  2:05  Cybernetics Core  
  19  2:09  Gateway  
  19  2:14  Pylon  
  19  2:18  Probe (Chrono Boost)  
  20  2:26  Zealot (Chrono Boost)  
  20  2:27  Probe (Chrono Boost)  
  23  2:37  Probe  
  23  2:42  Warp Gate  
  24  2:49  Stargate  
  24  2:52  Probe  
  25  3:01  Zealot (Chrono Boost)  
  25  3:03  Probe  
  28  3:13  Probe  
  28  3:15  Mothership Core  
  31  3:24  Probe  
  32  3:37  Void Ray (Chrono Boost)  
  36  3:45  Stargate  
  36  3:51  Assimilator  
  36  3:54  Probe  
  36  3:55  Assimilator  
  37  4:10  Probe  
  38  4:20  Probe  
  43  4:24  Void Ray (Chrono Boost)  
  43  4:36  Probe  
  48  4:57  Void Ray (Chrono Boost)  
  48  4:58  Zealot x2  
  48  4:59  Probe  
  53  5:10  Probe  
  54  5:21  Robotics Facility  
  54  5:23  Pylon  
  54  5:37  Pylon  
  54  5:41  Probe  
  54  5:42  Pylon, Void Ray (Chrono Boost)  
  59  5:48  Probe  
  60  5:55  Void Ray (Chrono Boost)  
  64  6:09  Observer  
  65  6:19  Probe  
  66  6:26  Void Ray (Chrono Boost)  
  70  6:34  Fleet Beacon  
  70  6:47  Probe  
  70  6:51  Observer  
  76  6:54  Void Ray (Chrono Boost)  
  76  7:03  Pylon  
  76  7:04  Pylon  
  81  7:26  Zealot x2  
  85  8:48  Void Ray x2 (Chrono Boost)  
  93  9:03  Pylon  
  93  9:05  Pylon  
  93  9:09  Pylon  
  93  9:22  Forge  
  93  9:24  Pylon  
  93  9:29  Void Ray x2 (Chrono Boost)  
  101  9:33  Forge  
  101  9:46  Immortal  
  101  9:48  Zealot x2  
  101  9:51  Nexus  
  109  9:55  Pylon  
  109  10:03  Protoss Air Weapons Level 1  
  109  10:09  Protoss Shields Level 1  
  109  10:14  Void Ray (Chrono Boost)  
  113  10:19  Void Ray (Chrono Boost)  
  117  10:51  Stalker  
  117  10:52  Stalker  
  121  11:03  Void Ray (Chrono Boost)  
  129  11:04  Void Ray (Chrono Boost)  
  129  11:05  Probe  
  130  11:16  Probe  
  131  11:19  Pylon  
  131  11:21  Pylon  
  131  11:30  Photon Cannon  
  131  11:32  Photon Cannon  
  131  11:37  Photon Cannon  
  131  11:41  Photon Cannon  
  131  11:45  Probe  
  88  11:56  Oracle (Chrono Boost)  
  67  12:02  Zealot  
  67  12:03  Zealot  
  50  12:24  Zealot x2  
Show
View Real Time Build Order
Export as new Build Order

MSK Terran - Winner!

Build Orders:  

Get SALT Encoding   

  12  0:01  SCV  
  13  0:17  Supply Depot  
  13  0:21  SCV  
  14  0:33  SCV  
  15  0:45  SCV  
  16  0:55  Barracks  
  16  0:57  SCV  
  17  1:25  SCV  
  18  1:28  Command Center  
  18  1:32  Supply Depot  
  18  1:37  SCV  
  19  1:49  Marine, SCV  
  19  1:51  Barracks  
  21  2:01  SCV  
  21  2:08  Marine  
  23  2:13  SCV  
  24  2:16  Supply Depot  
  24  2:23  Engineering Bay  
  24  2:26  SCV  
  24  2:28  Marine  
  26  2:37  Supply Depot  
  26  2:38  SCV  
  26  2:39  Marine  
  28  2:46  Marine  
  28  2:50  SCV  
  30  2:57  Missile Turret  
  30  3:01  Marine  
  30  3:02  SCV  
  32  3:06  SCV  
  33  3:14  SCV  
  33  3:18  SCV  
  35  3:20  Marine x2  
  35  3:26  SCV  
  38  3:30  SCV  
  39  3:34  Barracks  
  39  3:38  Marine, SCV  
  39  3:39  Marine  
  42  3:45  SCV  
  43  3:56  Barracks  
  43  3:59  Supply Depot  
  43  4:02  Supply Depot  
  43  4:03  Marine  
  43  4:04  Marine, Supply Depot  
  45  4:20  Marine  
  45  4:21  Marine  
  45  4:22  Marine  
  49  4:26  Orbital Command  
  49  4:30  Orbital Command  
  48  4:35  Supply Depot  
  48  4:38  Supply Depot  
  48  4:40  Supply Depot  
  48  4:43  Barracks  
  48  4:46  Barracks  
  48  4:47  Barracks  
  48  4:50  Marine x3  
  48  4:51  Marine  
  52  5:08  Marine x3  
  55  5:17  Supply Depot  
  55  5:19  Supply Depot  
  55  5:21  Supply Depot  
  55  5:30  Marine x2  
  55  5:31  Marine x3  
  60  5:37  Command Center  
  60  5:48  Marine x3  
  60  5:49  Marine x2  
  65  5:51  SCV x2  
  65  5:54  Marine  
  65  5:55  Marine  
  69  6:03  SCV x2  
  71  6:06  Marine x4  
  71  6:07  Marine  
  76  6:12  Marine  
  76  6:13  Marine  
  76  6:15  Missile Turret x2, SCV  
  79  6:20  Missile Turret  
  79  6:23  Missile Turret x2  
  79  6:24  Marine x3  
  82  6:27  SCV  
  82  6:28  Missile Turret, SCV  
  82  6:32  Marine x2  
  84  6:33  Missile Turret, Marine  
  84  6:35  Marine  
  89  6:40  SCV x2  
  90  6:47  Barracks  
  90  6:53  SCV x2  
  92  6:58  SCV  
  93  7:05  SCV x2  
  95  7:10  SCV  
  96  7:17  SCV  
  97  7:31  Orbital Command  
  97  7:34  Marine x6  
  97  7:35  Marine x2  
  105  7:51  Marine  
  105  7:52  Marine x6, Missile Turret  
  105  7:53  Marine, Supply Depot  
  105  7:57  Missile Turret  
  113  8:06  SCV  
  113  8:09  Marine x2  
  113  8:10  Marine x6  
  122  8:16  Supply Depot  
  122  8:25  Missile Turret  
  122  8:27  Marine x4  
  122  8:28  Marine x4, Missile Turret  
  122  8:31  Missile Turret  
  122  8:33  Missile Turret x2  
  130  8:45  Marine x5  
  130  8:46  Marine x2  
  137  9:01  Marine  
  138  9:03  Marine x6  
  138  9:04  Marine  
  138  9:08  Command Center  
  145  9:14  Supply Depot  
  145  9:15  Supply Depot  
  145  9:17  Supply Depot  
  145  9:19  Marine  
  145  9:20  Marine, Supply Depot  
  145  9:21  Marine  
  148  9:24  Marine x4  
  148  9:25  Marine  
  153  9:36  Supply Depot  
  153  9:37  Marine  
  154  9:38  Marine x2  
  154  9:42  Marine x5  
  161  9:54  Marine  
  161  9:56  Marine x2  
  161  9:59  Marine, Supply Depot  
  164  10:00  Marine  
  166  10:16  Marine x6  
  166  10:17  Marine x2  
  174  10:22  Supply Depot  
  174  10:33  Marine x2  
  174  10:34  Marine x4  
  174  10:35  Marine x2  
  182  10:47  Orbital Command  
  182  10:49  Supply Depot  
  182  10:51  Marine x3  
  182  10:52  Marine x3  
  182  10:53  Marine x2  
  190  11:09  Command Center, Marine x4  
  190  11:10  Marine x2  
  190  11:11  Marine x2, Supply Depot  
  198  11:27  Marine x2  
  200  11:35  Supply Depot  
  200  11:45  Marine x2  
  191  11:48  Marine x4  
  191  11:49  Marine x2  
  155  12:02  Marine  
  150  12:10  Marine  
  150  12:11  Marine x5  
  150  12:12  Marine  
  157  12:20  Marine  
  158  12:23  Command Center  
Tags
 
Add a new tag
Caveats
  • Supply blocks, unpowered buildings, or Contaminate may cause inaccurate times.
  • Supply counts are checked every 10 seconds.